 Dungeon Crawl Stone Soup version 0.16-a0-4078-g0e80503 (console) character file.

190760 Monkaria the Tortoise (level 17, -6/152 HPs)
             Began as a Minotaur Chaos Knight on Feb 21, 2015.
             Mangled by a kraken (26 damage)
             ... on level 3 of the Shoals on Feb 22, 2015.
             The game lasted 02:50:42 (40663 turns).

Monkaria the Tortoise (Minotaur Chaos Knight)      Turns: 40663, Time: 02:50:42

Health: -6/152     AC: 39    Str: 17 (21) XL:     17   Next: 55%
Magic:  31/31      EV: 16    Int:  7 (9)  God:    Xom [......]
Gold:   545        SH:  2    Dex:  9 (14) Spells: 0 memorised, 16 levels left

rFire  + . .     SeeInvis +     C - +7 great sword {slice, rF+ rN++ Int+2}
rCold  + + .     Clarity  +     h - +4 chain mail of Hospitality {rC+}
rNeg   + + .     SustAb   .     (no shield)
rPois  +         Gourm    .     (helmet restricted)
rElec  .         Spirit   .     r - +0 cloak
rCorr  .         Warding  .     b - +2 pair of fencer's gloves {EV+3 Dex+6 Slay+2}
rMut   .         Stasis   .     R - +1 pair of boots {Fly}
MR     +++..                    o - amulet of clarity
Stlth  ..........               w - ring of Friklyug {rPois rC+ MR+ MP+9 Int-2 Dex-2}
                                s - +5 ring of protection

@: flying, extremely resistant to hostile enchantments, extremely unstealthy
A: retaliatory headbutt, horns 2, large bone plates 1, rough black scales 1, see
invisible, berserk 1, deterioration 1, magic resistance 1, poison resistance,
regeneration 1, screaming 1, weak 1, wild magic 1
a: Renounce Religion, Stop Flying
}: 1/15 runes: gossamer


You were on level 3 of the Shoals.
You worshipped Xom.
You were a very special plaything of Xom.
You were not hungry.

You visited 6 branches of the dungeon, and saw 34 of its levels.
You visited the Abyss 1 time.
You also visited: Ice Cave and Volcano.

You collected 3611 gold pieces.
You spent 3066 gold pieces at shops.

Inventory:

Hand weapons
 y - a +0 blowgun
 C - the +7 great sword of the Wasp (weapon) {slice, rF+ rN++ Int+2}
   (You found it on level 8 of the Lair of Beasts)

   It inflicts extra damage upon your enemies.
   It affects your intelligence (+2).
   It protects you from fire.
   It greatly protects you from negative energy.
Missiles
 f - 104 poisoned needles
 L - 2 throwing nets (quivered)
Armour
 b - the +2 pair of fencer's gloves (worn) {EV+3 Dex+6 Slay+2}
   (You bought it in a shop on level 4 of the Orcish Mines)

   It affects your evasion (+3).
   It affects your dexterity (+6).
   It affects your accuracy and damage with ranged weapons and melee attacks
   (+2).
 h - the +4 chain mail of Hospitality (worn) {rC+}
   (You found it on level 2 of the Lair of Beasts)

   It protects you from cold.
 r - a +0 cloak (worn)
 R - a +1 pair of boots of flying (worn)
Jewellery
 o - an amulet of clarity (around neck)
 s - a +5 ring of protection (left hand)
 w - the ring of Friklyug (right hand) {rPois rC+ MR+ MP+9 Int-2 Dex-2}
   (You found it on level 8 of the Lair of Beasts)

   [ring of intelligence]

   It affects your intelligence (-2).
   It affects your dexterity (-2).
   It protects you from cold.
   It protects you from poison.
   It affects your resistance to hostile enchantments.
   It affects your magic capacity (+9).
Magical devices
 A - a wand of heal wounds (5)
 E - a wand of draining (7)
 P - a wand of fire (6)
 V - a wand of disintegration (13)
Scrolls
 a - 2 scrolls of identify
 j - 10 scrolls of teleportation
 q - 6 scrolls of magic mapping
 t - 4 scrolls of remove curse
 F - a scroll of fear
Potions
 i - 4 potions of ambrosia
 l - a potion of invisibility
 n - 2 potions of haste
 p - 8 potions of curing
 v - 4 potions of berserk rage
 x - 2 potions of might
 z - 2 potions of resistance
 B - 2 potions of lignification
 D - a potion of heal wounds
Miscellaneous
 g - a sack of spiders
 T - a lamp of fire
Comestibles
 c - 11 bread rations
 d - 3 chunks of flesh
 G - 4 meat rations


   Skills:
 - Level 14.0 Fighting
 - Level 18.0 Long Blades
 - Level 6.1 Throwing
 - Level 20.1 Armour
 + Level 17.0 Dodging
 - Level 7.0 Evocations


You had 16 spell levels left.
You didn't know any spells.

Dungeon Overview and Level Annotations

Branches:
Dungeon (13/15)            Temple (1/1) D:4            Lair (8/8) D:10
 Shoals (3/5) Lair:4       Spider (5/5) Lair:3        Slime (0/6) Lair:6
    Orc (4/4) D:11            Elf (0/3) Orc:3        Vaults (0/5) D:13

Altars:
Ashenzari
Cheibriados
Dithmenos
Elyvilon
Fedhas
Gozag
Kikubaaqudgha
Makhleb
Nemelex Xobeh
Okawaru
Qazlal
Ru
Sif Muna
Trog
Vehumet
Xom
Yredelemnul
Zin
The Shining One
Beogh

Shops:
D:7 :   D:9 %   D:13 =   Orc:2 !!   Orc:4 ([*=[


Innate Abilities, Weirdness & Mutations

You reflexively headbutt those who attack you in melee.
You have a pair of horns on your head.
You are partially covered in large bone plates (AC +2, SH +2).
You are partially covered in rough black scales (AC +4, Dex -1).
You have supernaturally acute eyesight.
You tend to lose your temper in combat.
Your body is slowly deteriorating.
You are resistant to hostile enchantments.
Your system is resistant to poisons.
Your natural rate of healing is unusually fast.
You occasionally shout uncontrollably at your foes.
You are weak. (Str -2)
Your spells are a little harder to cast, but a little more powerful.


Message History

Evoke which item? (* to show all) (? for menu, Esc to quit)
Zapping:
A - a wand of heal wounds (6)
Press: ? - help, Shift-Dir - straight line, f - you You feel much better.
This wand has 5 charges left.
The tentacle slaps you but does no damage. x2
The tentacle barely misses you. The tentacle completely misses you.
The kraken bites you!!
* * * LOW HITPOINT WARNING * * *
The tentacle slaps you but does no damage.
The tentacle completely misses you. You furiously retaliate!
You headbutt the tentacle. You block the tentacle's attack.
The tentacle slaps you!
* * * LOW HITPOINT WARNING * * *
Unknown command.
You slice the kraken!!
You headbutt the kraken, but do no damage.
The kraken is almost dead. "This might be better!"
The kraken seems to speed up.
The kraken bites you!!
You die...

≈≈P≈P≈...... ≈ ≈≈≈ ≈≈≈≈≈P##...
.≈≈≈ ≈. .≈≈≈≈≈ ≈≈≈≈P.P..# #.≈≈≈..
..≈≈≈≈≈ ≈≈≈≈....(####.≈§≈.#
..≈≈≈≈≈≈ ≈≈≈≈......##..≈≈§.#
..≈≈≈≈≈≈≈ ≈≈≈≈≈..)≈(...≈≈§§.#
≈≈≈≈≈≈≈≈≈≈
≈≈≈≈≈≈P(.....≈≈≈≈.###..§≈≈≈≈≈≈≈≈≈
≈≈≈≈≈P≈≈.≈..≈≈.≈ww....§≈≈≈≈≈≈≈≈≈≈
≈≈≈≈†≈≈≈≈(.≈≈≈≈≈@X≈§§ ≈≈≈≈≈≈≈≈≈≈
≈≈≈≈†≈≈≈.≈...≈≈w≈w≈≈§≈§≈≈≈≈≈≈≈≈≈≈
≈≈≈≈≈≈≈≈≈≈..≈≈≈≈≈≈≈≈≈≈≈≈≈≈≈≈≈≈≈≈≈
≈≈≈≈≈≈≈≈≈≈≈≈≈≈≈≈≈≈≈≈≈≈≈≈≈≈≈≈≈≈≈≈≈
≈≈≈≈≈≈≈≈≈≈≈≈≈≈≈≈≈≈≈≈≈≈≈≈≈≈≈≈≈≈≈≈≈
≈≈≈≈≈≈≈≈≈≈≈≈≈≈≈≈≈≈≈≈≈≈≈ ≈≈≈≈≈≈≈≈
≈≈≈≈≈≈≈≈≈≈≈≈≈≈≈≈≈≈≈≈≈≈ ≈≈≈≈≈≈≈
≈≈≈≈≈≈≈≈≈≈≈≈≈≈≈≈≈≈≈≈≈ ≈≈≈≈≈≈
#################### ###


You could see a kraken and 4 tentacles.

Vanquished Creatures
  A kraken (Shoals:2)
  Polyphemus (Shoals:3)
  Agnes (Spider:4)
  Donald (Lair:4)
  Wiglaf (Spider:4)
  7 emperor scorpions (Spider:5)
  5 ghost moths
  A merfolk javelineer (Shoals:1)
  Snorg (Orc:2)
  A fire dragon (shapeshifter) (Shoals:2)
  2 centaur warriors (D:13)
  2 merfolk impalers (Shoals:1)
  6 hydras
  A merfolk avatar (Shoals:2)
  An alligator snapping turtle (D:13)
  4 merfolk aquamancers
  7 death yaks
  2 tengu warriors (D:13)
  4 orc high priests (Orc:4)
  Urug (Orc:4)
  Nergalle (Orc:4)
  2 catoblepae
  A skeletal warrior (D:12)
  5 sea snakes
  A fire crab (Shoals:2)
  An ice statue (IceCv)
  6 hill giants
  Erolcha (Orc:2)
  An unseen horror (D:12)
  4 orc knights
  A hornet (Spider:5)
  12 harpies
  3 orc sorcerers (Orc:4)
  3 ugly things
  5 griffons
  34 wolf spiders
  A cyclops (Shoals:3)
  An oklob plant (Lair:2)
  16 orb spiders
  3 water nymphs
  A manticore (Shoals:2)
  A faun (Shoals:1)
  13 elephants
  Maurice (D:13)
  13 spiny frogs
  6 sirens
  4 black mambas
  A torpor snail (Spider:2)
  An orange demon (Spider:5)
  5 centaur skeletons
  2 gargoyles
  A rust devil (Lair:8)
  2 fire drakes
  8 komodo dragons
  11 demonic crawlers
  A spriggan druid (Lair:8)
  8 trolls
  26 jumping spiders
  3 polar bears
  17 merfolk
  17 blink frogs
  3 wind drakes
  Prince Ribbit (Orc:1)
  4 two-headed ogres
  6 ravens (D:13)
  4 snapping turtles
  3 boulder beetles
  A shadow (D:13)
  31 redbacks
  4 basilisks
  12 spriggans (Lair:8)
  A wraith (D:13)
  6 wasps
  8 water elementals
  A wyvern (D:13)
  A deep elf mage (D:13)
  13 tarantellas
  20 trapdoor spiders
  75 yaks
  6 hippogriffs
  2 fire bats
  3 hungry ghosts
  A golden eye (Lair:1)
  4 vampire mosquitoes (D:13)
  A deep elf fighter (Volcano)
  18 wolves
  A mottled dragon (D:12)
  A warg (Orc:4)
  3 soldier ants
  A hell hound (Volcano)
  12 ice beasts
  17 spiders
  15 water moccasins
  9 black bears
  2 small abominations (Spider:5)
  17 porcupines
  36 orc warriors
  8 centaurs
  4 sky beasts
  18 ogres
  2 boring beetles (Lair:6)
  Duvessa (D:5)
  13 crocodiles
  A brain worm (D:13)
  A gnoll sergeant (D:7)
  18 giant frogs
  9 scorpions
  8 killer bees
  3 electric eels
  Dowan (D:5)
  A centaur zombie (D:5)
  A giant frog zombie (D:12)
  4 quasits
  5 crimson imps
  5 iron imps
  14 two-headed ogre zombies (Orc:2)
  32 orc priests
  A wasp zombie (D:6)
  10 jellies
  14 hounds
  3 giant frog skeletons
  32 orc wizards
  A gnoll shaman (D:5)
  13 iguanas
  7 worker ants
  12 sheep
  A hound skeleton (D:5)
  A mummy (D:11)
  43 river rats
  9 gnolls
  3 orc skeletons (Orc:4)
  2 hound simulacra (D:11)
  27 adders
  19 white imps
  3 shadow imps
  4 worms
  4 ufetubi
  2 adder skeletons
  An ooze (Lair:6)
  193 orcs
  2 ball pythons
  4 bat skeletons
  3 giant cockroaches
  20 hobgoblins
  3 jackals (D:7)
  9 quokkas
  8 bats
  5 giant geckos
  7 giant newts
  A giant spore (D:13)
  27 goblins
  A jackal zombie (D:6)
  14 kobolds
  22 orc zombies (Orc:4)
  A quokka skeleton (D:10)
  14 rats
  A bush (Lair:2)
  A fungus (Lair:7)
  6 plants
  A tentacle (Shoals:2)
1341 creatures vanquished.

Vanquished Creatures (collateral kills)
  Asterion (Spider:4)
  A ghost moth (Spider:5)
  A hydra (D:13)
  A catoblepas (Lair:7)
  An orb spider (Spider:4)
  A hornet (shapeshifter) (D:13)
  A manticore (Shoals:2)
  A jumping spider (Spider:4)
  A troll (D:13)
  3 merfolk (Shoals:2)
  A tarantella (Spider:5)
  A spriggan (Lair:8)
  A fire bat (Shoals:2)
  4 wolves (Lair:8)
  A soldier ant (D:13)
  4 ice beasts
  A black bear (Lair:8)
  A wasp (Lair:8)
  A phantom (D:11)
  A crimson imp (D:7)
  A jelly (D:7)
  2 river rats (Lair:2)
  A gnoll (D:7)
  A jackal (D:7)
33 creatures vanquished.

Vanquished Creatures (others)
  A dancing weapon (D:13)
  A manticore (Shoals:2)
  3 ball lightnings (Shoals:2)
  4 redbacks
  A tarantella (Spider:4)
  A fire elemental (IceCv)
  4 ice beasts
  A centaur (D:11)
  A big kobold (D:8)
  A scorpion (D:5)
  3 quasits
  4 crimson imps
  2 iron imps
  3 shadow imps
  3 white imps
  2 ufetubi
  2 orcs
  5 fungi
  5 tentacles (Shoals:2)
  64 tentacle segments
111 creatures vanquished.

Grand Total: 1485 creatures vanquished

Notes
Turn   | Place    | Note
--------------------------------------------------------------
     0 | D:1      | Monkaria, the Minotaur Chaos Knight, began the quest for the Orb.
     0 | D:1      | Reached XP level 1. HP: 19/19 MP: 1/1
    46 | D:1      | Reached skill level 4 in Long Blades
    52 | D:1      | Reached XP level 2. HP: 18/27 MP: 1/1
   112 | D:1      | XOM: divination: detect items
   277 | D:1      | XOM: cast spell 'Summon Butterflies'
   349 | D:2      | Reached XP level 3. HP: 29/33 MP: 2/2
   508 | D:2      | Reached skill level 5 in Long Blades
   947 | D:3      | XOM: harmless Divn miscast
   953 | D:3      | Reached XP level 4. HP: 34/41 MP: 2/2
  1195 | D:3      | XOM: colour smoke trail
  1262 | D:4      | Found a staircase to the Ecumenical Temple.
  1318 | Temple   | Entered the Ecumenical Temple
  1569 | D:4      | Found a radiant altar of Vehumet.
  1736 | D:4      | XOM: enchant monster (good)
  1769 | D:4      | Reached skill level 6 in Long Blades
  1769 | D:4      | Reached XP level 5. HP: 34/47 MP: 2/2
  2011 | D:4      | Noticed an ogre
  2047 | D:4      | Killed an ogre
  2047 | D:4      | Reached skill level 5 in Fighting
  2212 | D:4      | XOM: divination: magic mapping
  2463 | D:5      | Entered Level 5 of the Dungeon
  2493 | D:5      | XOM: colour smoke trail
  2534 | D:5      | Reached skill level 7 in Long Blades
  2557 | D:5      | Noticed Duvessa
  2558 | D:5      | Noticed Dowan
  2562 | D:5      | Killed Duvessa
  2562 | D:5      | Reached XP level 6. HP: 53/57 MP: 3/3
  2571 | D:5      | XOM: smoke on damage
  2579 | D:5      | Killed Dowan
  2694 | D:5      | XOM: potion effect (heal wounds)
  2775 | D:5      | XOM: mild Pois miscast
  2802 | D:5      | Reached skill level 8 in Long Blades
  2811 | D:5      | Reached XP level 7. HP: 49/63 MP: 3/3
  2824 | D:5      | Noticed an ice beast
  2826 | D:5      | XOM: divination: detect items
  2829 | D:5      | Banished an ice beast
  3000 | D:5      | Noticed a centaur skeleton
  3002 | D:5      | XOM: divination: magic mapping
  3015 | D:5      | Killed a centaur skeleton
  3015 | D:5      | Reached skill level 10 in Long Blades
  3223 | D:5      | XOM: god gift: 55 gold pieces
  3243 | D:5      | XOM: blink monster(s)
  3247 | D:5      | Reached XP level 8. HP: 70/70 MP: 3/3
  3316 | D:5      | XOM: noise
  3420 | D:5      | XOM: harmless Erth miscast
  3461 | D:5      | Found a deep blue altar of Sif Muna.
  3471 | D:5      | Found an opulent altar of Gozag.
  3834 | D:6      | Reached skill level 5 in Armour
  3861 | D:6      | Found a burning altar of Makhleb.
  3888 | D:6      | Found a snail-covered altar of Cheibriados.
  4003 | D:6      | Found a burning altar of Makhleb.
  4123 | D:6      | XOM: mild Erth miscast
  4235 | D:6      | XOM: colour smoke trail
  4253 | D:6      | XOM: noise
  4408 | D:7      | XOM: confuse monster(s)
  4419 | D:7      | XOM: summons friendly white imp
  4523 | D:7      | Found a bloodstained altar of Trog.
  4523 | D:7      | Found an iron altar of Okawaru.
  4621 | D:7      | XOM: medium Necr miscast
  4623 | D:7      | XOM: harmless Tloc miscast
  4827 | D:7      | Found Cugg's Book Shop.
  4831 | D:7      | XOM: fake destruction
  4835 | D:7      | XOM: confuse monster(s)
  4841 | D:7      | XOM: enchant monster (bad)
  4847 | D:7      | Reached XP level 9. HP: 69/75 MP: 4/4
  5074 | D:7      | Reached skill level 10 in Armour
  5394 | D:7      | XOM: silly message
  5598 | D:8      | XOM: butterfly on damage
  5623 | D:8      | XOM: harmless Tloc miscast
  5774 | D:8      | Reached skill level 11 in Armour
  6219 | D:8      | XOM: divine lightning
  6516 | D:8      | XOM: vitrification
  6721 | D:9      | Reached skill level 12 in Armour
  6731 | D:9      | XOM: fog
  6735 | D:9      | XOM: potion effect (brilliance)
  6754 | D:9      | XOM: summons 4 friendly demons
  6793 | D:9      | Reached skill level 13 in Armour
  6795 | D:9      | XOM: medium Erth miscast
  6967 | D:9      | Got a ripped robe
  6978 | D:9      | Identified the +2 robe of Crawling {-Tele +Inv rPois rF+ MP+9} (You found it on level 9 of the Dungeon)
  7031 | D:9      | Found Esio's Food Shoppe.
  7068 | D:9      | Reached XP level 10. HP: 73/83 MP: 4/4
  7113 | D:9      | XOM: divination: magic mapping
  7336 | D:9      | XOM: god gift: 37 gold pieces
  7337 | D:9      | XOM: divination: detect creatures
  7360 | D:9      | XOM: god gift: pair of glowing boots {god gift}
  7382 | D:9      | Found a sacrificial altar of Ru.
  7383 | D:9      | Found a white marble altar of Elyvilon.
  7383 | D:9      | XOM: give mutations
  7383 | D:9      | Gained mutation: Scrolls take you a little longer to read. [Xom's mischief]
  7383 | D:9      | Gained mutation: You occasionally shout uncontrollably at your foes. [Xom's mischief]
  7383 | D:9      | Gained mutation: Armour fits poorly on your strangely shaped body. [Xom's mischief]
  7631 | D:9      | Got a fine long sword
  7632 | D:9      | Identified the +7 long sword "Wisesm" {flame, MR- Str+3 Dex+3} (You found it on level 9 of the Dungeon)
  7855 | D:9      | Identified Klasacri's Compendium of Protection
  7944 | D:10     | Entered Level 10 of the Dungeon
  8020 | D:10     | Reached skill level 14 in Armour
  8035 | D:10     | Gained mutation: Your magical capacity is low (-10% MP). [mutagenic meat]
  8036 | D:10     | Gained mutation: You tend to lose your temper in combat. [mutagenic meat]
  8111 | D:10     | Noticed a hill giant
  8125 | D:10     | XOM: summons friendly ufetubus
  8129 | D:10     | XOM: divination: magic mapping
  8145 | D:10     | XOM: divination: detect creatures
  8146 | D:10     | XOM: confuse monster(s)
  8166 | D:10     | XOM: potion effect (heal wounds)
  8178 | D:10     | Killed a hill giant
  8289 | D:10     | Noticed a hill giant
  8292 | D:10     | Found a staircase to the Lair.
  8292 | D:10     | XOM: divination: magic mapping
  8292 | D:10     | XOM: smoke on damage
  8299 | D:10     | XOM: divination: magic mapping
  8308 | D:10     | Killed a hill giant
  8308 | D:10     | Reached skill level 15 in Armour
  8342 | D:10     | Noticed a hill giant
  8349 | D:10     | Killed a hill giant
  8608 | D:10     | XOM: mild Divn miscast
  8619 | D:10     | Reached skill level 16 in Armour
  8676 | D:10     | XOM: scenery: create altars
  8887 | D:11     | XOM: confuse monster(s)
  8907 | D:11     | Found a staircase to the Orcish Mines.
  8919 | D:11     | Reached XP level 11. HP: 35/89 MP: 3/3
  8930 | D:11     | XOM: enchant monster (good)
  8931 | D:11     | Noticed a cyan ugly thing
  8948 | D:11     | XOM: enchant monster (good)
  9049 | D:10     | XOM: medium Conj miscast
  9211 | D:10     | XOM: noise
  9351 | D:11     | XOM: god gift: ring of sustain abilities {god gift}
  9381 | D:11     | XOM: mild Necr miscast
  9397 | D:11     | XOM: noise
  9428 | D:11     | XOM: divination: detect creatures
  9439 | D:11     | Found a frozen archway.
  9486 | IceCv    | Entered an ice cave
  9487 | IceCv    | Lost mutation: Scrolls take you a little longer to read. [potion of cure mutation]
  9487 | IceCv    | Lost mutation: You tend to lose your temper in combat. [potion of cure mutation]
  9487 | IceCv    | Lost mutation: Your magical capacity is low (-10% MP). [potion of cure mutation]
  9487 | IceCv    | Lost mutation: Armour fits poorly on your strangely shaped body. [potion of cure mutation]
  9488 | IceCv    | Gained mutation: You are clumsy. (Dex -2) [potion of mutation]
  9488 | IceCv    | Gained mutation: You are weak. (Str -2) [potion of mutation]
  9488 | IceCv    | Gained mutation: Your body is slowly deteriorating. [potion of mutation]
  9489 | IceCv    | Gained mutation: Your spells are a little harder to cast, but a little more powerful. [potion of mutation]
  9489 | IceCv    | Gained mutation: Your mind is acute. (Int +2) [potion of mutation]
  9490 | IceCv    | Lost mutation: Your spells are a little harder to cast, but a little more powerful. [potion of cure mutation]
  9490 | IceCv    | Lost mutation: You are clumsy. (Dex -2) [potion of cure mutation]
  9490 | IceCv    | Lost mutation: Your mind is acute. (Int +2) [potion of cure mutation]
  9490 | IceCv    | Lost mutation: Your body is slowly deteriorating. [potion of cure mutation]
  9490 | IceCv    | Lost mutation: You are weak. (Str -2) [potion of cure mutation]
  9490 | IceCv    | XOM: summons 6 friendly demons
  9494 | IceCv    | XOM: destruction
  9742 | IceCv    | Noticed an ice statue
  9742 | IceCv    | Noticed an ice statue
  9742 | IceCv    | Noticed an ice statue
 10035 | IceCv    | XOM: give mutations
 10035 | IceCv    | Gained mutation: You are somewhat resistant to further mutation. [Xom's grace]
 10035 | IceCv    | Gained mutation: You are agile. (Dex +2) [Xom's grace]
 10035 | IceCv    | Gained mutation: You have a pair of large horns on your head. [Xom's grace]
 10351 | IceCv    | XOM: summons friendly crimson imp
 10352 | IceCv    | XOM: 5-stop teleportation journey
 10430 | IceCv    | XOM: 1-stop teleportation journey
 10432 | IceCv    | XOM: chaos cloud
 10436 | IceCv    | Killed an ice statue
 10451 | IceCv    | Got a warped war axe
 10586 | IceCv    | XOM: stat loss: -1 Str (22/23)
 10809 | D:11     | Identified the +10 war axe "Wamobul" {chop, rC+ MR- Stlth+} (You found it in an ice cave)
 10824 | D:11     | XOM: give mutation
 10824 | D:11     | Gained mutation: You can translocate small distances at will. [Xom's grace]
 10911 | D:11     | XOM: medium Tloc miscast
 11062 | D:11     | XOM: stat loss: -1 Str (22/23)
 11131 | D:11     | XOM: potion effect (might)
 11135 | D:11     | Killed a cyan ugly thing
 11142 | D:11     | Gained mutation: You are partially covered in thin metallic scales (AC +2). [mutagenic meat]
 11143 | D:11     | Lost mutation: You are partially covered in thin metallic scales (AC +2). [mutagenic meat]
 11183 | D:11     | Noticed a hill giant
 11186 | D:11     | XOM: butterfly on damage
 11188 | D:11     | XOM: enchant monster (bad)
 11189 | D:11     | XOM: chaos upgrade
 11190 | D:11     | Killed a hill giant
 11209 | D:11     | XOM: fog
 11473 | D:11     | XOM: mild Air miscast
 11603 | D:12     | XOM: fog
 11604 | D:12     | XOM: potion effect (agility)
 11628 | D:12     | XOM: mild Hex miscast
 11768 | D:12     | Killed an unseen horror
 12447 | D:12     | Upgraded the game from 0.16-a0-4060-g00983b4 to 0.16-a0-4078-g0e80503
 12472 | D:13     | Noticed a tengu warrior
 12475 | D:13     | XOM: summons 2 friendly demons
 12500 | D:13     | Killed a tengu warrior
 12513 | D:13     | XOM: summons 9 friendly demons
 12520 | D:13     | Reached skill level 15 in Long Blades
 12560 | D:13     | Noticed Maurice
 12565 | D:13     | XOM: divination: detect items
 12572 | D:13     | Killed Maurice
 12572 | D:13     | Reached XP level 12. HP: 63/96 MP: 5/5
 12610 | D:13     | Noticed a tengu warrior
 12620 | D:13     | XOM: potion effect (invisibility)
 12627 | D:13     | XOM: cast spell 'Call Canine Familiar'
 12632 | D:13     | Killed a tengu warrior
 12634 | D:13     | HP: 7/144 [raven[a tengu warrior] (3)]
 12635 | D:13     | HP: 2/144 [raven[a tengu warrior] (5)]
 12764 | D:13     | XOM: colour smoke trail
 13170 | D:13     | XOM: summons 3 friendly demons
 13234 | D:13     | XOM: divination: magic mapping
 13309 | D:12     | XOM: scenery: create altars
 13327 | D:12     | XOM: confuse monster(s)
 13346 | D:12     | XOM: noise
 13493 | D:12     | XOM: severe Fire miscast
 13677 | D:13     | XOM: summons 2 friendly demons
 13703 | D:12     | XOM: confuse monster(s)
 13778 | D:12     | XOM: noise
 13837 | D:13     | Reached skill level 17 in Long Blades
 13922 | D:13     | Found Twirefif's Jewellery Shoppe.
 14008 | D:13     | Found an iron altar of Okawaru.
 14012 | D:13     | Noticed a centaur warrior
 14021 | D:13     | XOM: enchant monster (good)
 14030 | D:13     | Noticed a six-headed hydra
 14034 | D:13     | Killed a six-headed hydra
 14054 | D:13     | HP: 3/96 [centaur warrior/arrow (9)]
 14342 | D:13     | XOM: 1-stop teleportation journey
 14514 | D:13     | XOM: fog
 14518 | D:13     | Killed a centaur warrior
 14518 | D:13     | Reached skill level 5 in Dodging
 14548 | D:13     | Noticed a six-headed hydra
 14552 | D:13     | Killed a four-headed hydra
 14554 | D:13     | Noticed an iron troll
 14566 | D:13     | Noticed an alligator snapping turtle
 14566 | D:13     | an iron troll changed into an alligator snapping turtle
 14566 | D:13     | XOM: polymorph iron troll -> alligator snapping turtle
 14567 | D:13     | HP: 1/96 [alligator snapping turtle (37)]
 14572 | D:13     | XOM: swap monsters
 14573 | D:13     | XOM: fog
 14665 | D:12     | XOM: vitrification
 15084 | D:13     | XOM: god gift: leather armour {god gift}
 15106 | D:13     | XOM: summons 4 friendly demons
 15191 | D:13     | Noticed a centaur warrior
 15195 | D:13     | Killed a centaur warrior
 15282 | D:13     | XOM: summons 2 friendly demons
 15300 | D:13     | Killed an alligator snapping turtle
 15354 | D:13     | Found a gate to the Vaults.
 15544 | D:10     | Noticed a hill giant
 15548 | D:10     | Killed a hill giant
 15562 | D:10     | XOM: give mutations
 15562 | D:10     | Gained mutation: You are resistant to hostile enchantments. [Xom's grace]
 15562 | D:10     | Gained mutation: Your spells are a little harder to cast, but a little more powerful. [Xom's grace]
 15562 | D:10     | Gained mutation: You are very agile. (Dex +4) [Xom's grace]
 15562 | D:10     | Gained mutation: You have sharp toenails. [Xom's grace]
 15579 | D:10     | XOM: enchant monster (good)
 15586 | D:10     | XOM: harmless Trmt miscast
 15589 | D:10     | Reached XP level 13. HP: 48/107 MP: 5/5
 15589 | D:10     | XOM: divination: detect creatures
 15593 | D:10     | XOM: noise
 15810 | Lair:1   | Entered Level 1 of the Lair of Beasts
 15948 | Lair:1   | XOM: polymorph yak -> golden eye
 15950 | Lair:1   | XOM: mild Hex miscast
 15996 | Lair:1   | XOM: enchant monster (bad)
 16199 | Lair:1   | XOM: enchant monster (bad)
 16244 | Lair:1   | XOM: god gift: 31 gold pieces
 16253 | Lair:1   | XOM: god gift: 16 stones
 16520 | Lair:1   | XOM: divination: magic mapping
 16534 | Lair:1   | XOM: enchant monster (good)
 16535 | Lair:1   | Reached skill level 10 in Fighting
 16535 | Lair:1   | XOM: summons friendly crimson imp
 16613 | Lair:1   | XOM: god gift: legendary deck of cards {god gift}
 17152 | Lair:2   | XOM: confuse monster(s)
 17158 | Lair:2   | Reached skill level 1 in Evocations
 17190 | Lair:2   | Got a warped chain mail
 17206 | Lair:2   | Found a dark tunnel.
 17240 | Lair:2   | Identified the +4 chain mail of Hospitality {rC+} (You found it on level 2 of the Lair of Beasts)
 17261 | Volcano  | Entered a volcano
 17388 | Volcano  | XOM: enchant monster (good)
 17406 | Volcano  | XOM: 2-stop teleportation journey
 17621 | Lair:2   | XOM: cast spell 'Dispersal'
 17835 | Lair:2   | XOM: swap monsters
 18012 | Lair:2   | Reached skill level 5 in Evocations
 18138 | Lair:2   | XOM: god gift: glowing triple sword {god gift}
 18302 | Lair:2   | XOM: fake destruction
 18310 | Lair:2   | XOM: swap monsters
 18566 | Lair:3   | XOM: colour smoke trail
 18577 | Lair:3   | XOM: scenery: 3 doors open
 18663 | Lair:3   | Found a hole to the Spider Nest.
 18666 | Lair:3   | XOM: enchant monster (good)
 19239 | Lair:4   | XOM: potion effect (haste)
 19314 | Lair:3   | XOM: harmless Ice miscast
 19441 | Lair:4   | XOM: harmless Chrm miscast
 19755 | Lair:4   | XOM: summons friendly crimson imp
 19759 | Lair:4   | Reached skill level 10 in Dodging
 19762 | Lair:4   | XOM: chaos cloud
 19769 | Lair:4   | XOM: swap monsters
 19941 | Lair:4   | XOM: enchant monster (bad)
 20217 | Lair:4   | Found a staircase to the Shoals.
 20402 | Lair:5   | XOM: enchant monster (bad)
 20411 | Lair:5   | Reached XP level 14. HP: 56/122 MP: 16/16
 20444 | Lair:5   | XOM: noise
 20618 | Lair:5   | XOM: harmless Summ miscast
 20771 | Lair:5   | XOM: silly message
 20806 | Lair:5   | XOM: fog
 20820 | Lair:5   | XOM: enchant monster (good)
 21059 | Lair:5   | XOM: mild Divn miscast
 21282 | Lair:5   | XOM: confuse monster(s)
 21288 | Lair:5   | XOM: cast spell 'Metabolic Englaciation'
 21292 | Lair:5   | XOM: noise
 21296 | Lair:5   | XOM: confuse monster(s)
 21350 | Lair:4   | XOM: noise
 21511 | Lair:5   | XOM: summons 1 hostile demon
 21786 | Lair:6   | XOM: silly message
 22018 | Lair:6   | XOM: fake destruction
 22033 | Lair:6   | Found a staircase to the Slime Pits.
 22140 | Lair:6   | XOM: 1-stop teleportation journey
 22660 | Lair:1   | Identified a scroll of acquirement
 22754 | Lair:7   | XOM is BORED!
 22754 | Lair:7   | XOM: give mutations
 22754 | Lair:7   | Gained mutation: Your body is slowly deteriorating. [Xom's mischief]
 22754 | Lair:7   | Lost mutation: You are very agile. (Dex +4) [Xom's mischief]
 22876 | Lair:7   | XOM: summons friendly iron imp
 23260 | Lair:7   | Reached skill level 18 in Armour
 23300 | Lair:7   | XOM: silly message
 23340 | Lair:7   | XOM: divination: magic mapping
 23443 | Lair:7   | XOM: summons 7 friendly demons
 23444 | Lair:7   | XOM: destruction
 23446 | Lair:7   | XOM: enchant monster (good)
 23451 | Lair:7   | XOM: polymorph white imp -> iron imp
 23482 | Lair:7   | XOM: potion effect (haste)
 23488 | Lair:7   | XOM: fake destruction
 23730 | Lair:8   | Entered Level 8 of the Lair of Beasts
 23737 | Lair:8   | XOM: fake destruction
 23749 | Lair:8   | XOM: enchant monster (good)
 23999 | Lair:8   | XOM: medium Ice miscast
 24086 | Lair:8   | XOM: silly message
 24167 | Lair:8   | XOM: silly message
 24255 | Lair:8   | XOM: enchant monster (bad)
 24271 | Lair:8   | XOM: god gift: sack of spiders
 24437 | Lair:8   | XOM: enchant monster (good)
 24461 | Lair:8   | XOM: enchant monster (good)
 24670 | Lair:8   | Reached skill level 19 in Armour
 24680 | Lair:8   | XOM: destruction
 24713 | Lair:8   | XOM: summons 5 hostile demons
 24778 | Lair:8   | XOM: give mutations
 24778 | Lair:8   | Gained mutation: You are somewhat resistant to both further mutation and mutation removal. [Xom's grace]
 24778 | Lair:8   | Gained mutation: You have supernaturally acute eyesight. [Xom's grace]
 24778 | Lair:8   | Gained mutation: Your spells are harder to cast, but more powerful. [Xom's grace]
 24778 | Lair:8   | Gained mutation: Your natural rate of healing is unusually fast. [Xom's grace]
 24844 | Lair:8   | XOM: god gift: scroll of teleportation
 24920 | Lair:8   | XOM: polymorph black bear -> water moccasin
 24926 | Lair:8   | XOM: confuse monster(s)
 24927 | Lair:8   | XOM: fog
 25169 | Lair:8   | XOM: god gift: 34 gold pieces
 25172 | Lair:8   | XOM: summons friendly iron imp
 25225 | Lair:8   | Got a slimy wooden ring
 25228 | Lair:8   | Got a dazzling great sword
 25231 | Lair:8   | Identified the +7 great sword of the Wasp {slice, rF+ rN++ Int+2} (You found it on level 8 of the Lair of Beasts)
 25539 | Lair:8   | XOM: god gift: beef jerky
 25540 | Lair:8   | XOM: swap monsters
 25554 | Lair:8   | XOM: mild Necr miscast
 25556 | Lair:8   | Reached XP level 15. HP: 103/127 MP: 18/18
 25833 | Lair:1   | Identified the cursed ring of Friklyug {rPois rC+ MR+ MP+9 Int-2 Dex-2} (You found it on level 8 of the Lair of Beasts)
 25885 | D:10     | XOM: harmless Fire miscast
 25905 | D:10     | XOM: harmless Trmt miscast
 25967 | Orc:1    | Entered Level 1 of the Orcish Mines
 25967 | Orc:1    | Found a roughly hewn altar of Beogh.
 25971 | Orc:1    | Noticed Prince Ribbit
 26003 | Orc:1    | Killed Prince Ribbit
 26402 | Orc:2    | Found Blairaeses' Distillery.
 26481 | Orc:2    | Bought 2 potions of heal wounds for 130 gold pieces
 26481 | Orc:2    | Bought a potion of curing for 39 gold pieces
 26481 | Orc:2    | Bought a potion of mutation for 32 gold pieces
 26685 | Orc:2    | Noticed Erolcha
 26697 | Orc:2    | Killed Erolcha
 26989 | Orc:1    | Noticed Snorg
 26994 | Orc:2    | Killed Snorg
 27000 | Orc:1    | XOM: enchant monster (bad)
 27067 | Orc:1    | XOM: cast spell 'Spider Form'
 27298 | Orc:2    | Found Breewead's Distillery.
 27308 | Orc:2    | Bought a potion of beneficial mutation for 595 gold pieces
 27308 | Orc:2    | Bought a potion of agility for 68 gold pieces
 27308 | Orc:2    | Bought a potion of invisibility for 136 gold pieces
 27510 | Orc:3    | XOM: medium Divn miscast
 27547 | Orc:3    | XOM: noise
 27572 | Orc:3    | XOM: mild Chrm miscast
 27580 | Orc:3    | XOM: fog
 27586 | Orc:3    | XOM: swap weapons
 27597 | Orc:3    | XOM: silly message
 28083 | Orc:3    | Found a staircase to the Elven Halls.
 28091 | Orc:3    | XOM: give mutations
 28091 | Orc:3    | Lost mutation: You have sharp toenails. [Xom's mischief]
 28091 | Orc:3    | Lost mutation: You can translocate small distances at will. [Xom's mischief]
 28091 | Orc:3    | Lost mutation: You are somewhat resistant to both further mutation and mutation removal. [Xom's mischief]
 28107 | Orc:3    | XOM: give mutations
 28107 | Orc:3    | Lost mutation: You have a pair of large horns on your head. [Xom's mischief]
 28107 | Orc:3    | Gained mutation: Your spells are much harder to cast, but much more powerful. [Xom's mischief]
 28324 | Orc:3    | XOM: harmless Divn miscast
 28431 | Orc:3    | XOM: enchant monster (bad)
 28701 | Orc:4    | Entered Level 4 of the Orcish Mines
 28730 | Orc:4    | Found an iron altar of Okawaru.
 28730 | Orc:4    | XOM: 2-stop teleportation journey
 28748 | Orc:4    | XOM: 9-stop teleportation journey
 28991 | Orc:4    | XOM: enchant monster (bad)
 29022 | Orc:4    | Found Kuum's Antique Armour Emporium.
 29033 | Orc:4    | Bought the +2 pair of fencer's gloves {EV+3 Dex+6 Slay+2} for 2038 gold pieces
 29038 | Orc:4    | Noticed Nergalle
 29050 | Orc:4    | Killed Nergalle
 29236 | Orc:4    | XOM: give mutation
 29236 | Orc:4    | Gained mutation: Your system is resistant to poisons. [Xom's mischief]
 29387 | Orc:4    | XOM: polymorph orc warlord -> death yak
 29432 | Orc:4    | XOM: divination: detect creatures
 29509 | Orc:4    | XOM: blink monster(s)
 29512 | Orc:4    | XOM: potion effect (berserk rage)
 29532 | Orc:4    | XOM: polymorph orange demon -> hellwing
 29762 | Orc:4    | XOM: chaos cloud
 29812 | Orc:4    | XOM: silly message
 29824 | Orc:4    | XOM: fog
 29866 | Orc:4    | XOM: swap weapons
 29870 | Orc:4    | XOM: enchant monster (bad)
 29939 | Orc:4    | XOM: mild Hex miscast
 30044 | Orc:4    | XOM: summons 3 hostile shadow creatures
 30152 | Orc:4    | Found Weametu's Antique Armour Boutique.
 30153 | Orc:4    | Noticed Urug
 30157 | Orc:4    | XOM: harmless Ice miscast
 30179 | Orc:4    | XOM: medium Ice miscast
 30183 | Orc:4    | Killed Urug
 30193 | Orc:4    | Found Sipreon's Antique Weapon Boutique.
 30194 | Orc:4    | Found Vobruovuq's General Store.
 30194 | Orc:4    | Found Iridwibi's Jewellery Shop.
 30429 | Lair:1   | Lost mutation: You are agile. (Dex +2) [potion of cure mutation]
 30429 | Lair:1   | Lost mutation: You are somewhat resistant to further mutation. [potion of cure mutation]
 30429 | Lair:1   | Lost mutation: Your body is slowly deteriorating. [potion of cure mutation]
 30429 | Lair:1   | Lost mutation: You occasionally shout uncontrollably at your foes. [potion of cure mutation]
 30429 | Lair:1   | Lost mutation: Your spells are much harder to cast, but much more powerful. [potion of cure mutation]
 30603 | Orc:4    | Bought a scroll of identify for 28 gold pieces
 30842 | Spider:1 | Entered Level 1 of the Spider Nest
 31002 | Spider:1 | Reached skill level 1 in Throwing
 31097 | Spider:1 | XOM: summons 7 hostile demons
 31109 | Spider:1 | XOM: give mutations
 31109 | Spider:1 | Gained mutation: You are weak. (Str -2) [Xom's mischief]
 31109 | Spider:1 | Gained mutation: You occasionally shout uncontrollably at your foes. [Xom's mischief]
 31123 | Spider:1 | XOM: medium Ice miscast
 31259 | Spider:1 | XOM: blink monster(s)
 31267 | Spider:1 | XOM: enchant monster (bad)
 31277 | Spider:1 | XOM: medium Trmt miscast
 31279 | Spider:1 | XOM: confuse monster(s)
 31572 | Spider:1 | XOM: enchant monster (bad)
 31653 | Spider:1 | XOM: enchant monster (bad)
 31887 | Spider:2 | XOM: 6-stop teleportation journey
 31895 | Spider:2 | Reached skill level 5 in Throwing
 31918 | Spider:2 | XOM: give mutations
 31918 | Spider:2 | Gained mutation: You are frail (-10% HP). [Xom's mischief]
 31918 | Spider:2 | Lost mutation: You are frail (-10% HP). [Xom's mischief]
 32331 | Spider:2 | XOM: harmless Hex miscast
 32413 | Spider:2 | XOM: silly message
 32438 | Spider:2 | XOM: medium Air miscast
 32467 | Spider:2 | XOM: chaos cloud
 32468 | Spider:2 | XOM: fake destruction
 32608 | Spider:3 | Reached skill level 20 in Armour
 32617 | Spider:3 | XOM: harmless Trmt miscast
 33024 | Spider:3 | XOM: medium Erth miscast
 33042 | Spider:3 | XOM: silly message
 33136 | Spider:3 | XOM: harmless Pois miscast
 33442 | Spider:4 | Noticed Wiglaf
 33570 | Spider:3 | Reached XP level 16. HP: 102/146 MP: 19/19
 33655 | Spider:4 | XOM: 1-stop teleportation journey
 33669 | Spider:4 | Killed Wiglaf
 33696 | Spider:4 | XOM: divine lightning
 33699 | Spider:4 | XOM: 4-stop teleportation journey
 33993 | Spider:4 | Noticed Asterion
 33993 | Spider:4 | Mandevil: Good progress :)
 33993 | Spider:4 | thanks
 33993 | Spider:4 | it's not mon/tues/wed
 34011 | Spider:4 | Killed Asterion
 34101 | Spider:4 | XOM: cast spell 'Monstrous Menagerie'
 34163 | Spider:4 | XOM: polymorph orb spider -> fire drake
 34237 | Spider:3 | XOM: colour smoke trail
 34331 | Spider:3 | XOM: noise
 34341 | Spider:3 | XOM: enchant monster (bad)
 34477 | Spider:4 | XOM: colour smoke trail
 34508 | Spider:4 | Noticed Agnes
 34529 | Spider:4 | Killed Agnes
 34537 | Spider:4 | XOM: silly message
 34555 | Spider:4 | XOM: medium Fire miscast
 35061 | Spider:5 | Entered Level 5 of the Spider Nest
 35073 | Spider:5 | XOM: smoke on damage
 35444 | Spider:5 | XOM: harmless Trmt miscast
 35540 | Spider:5 | Cast into the Abyss (Xom)
 35583 | Spider:5 | Escaped the Abyss
 35735 | Spider:5 | XOM: give mutation
 35735 | Spider:5 | Gained mutation: Your body is slowly deteriorating. [Xom's mischief]
 35757 | Spider:5 | XOM: summons 8 hostile demons
 36023 | Spider:5 | XOM: harmless Summ miscast
 36301 | Spider:5 | XOM: summons 4 hostile demons
 36328 | Spider:5 | XOM: mild Necr miscast
 36424 | Spider:5 | XOM: harmless Summ miscast
 36515 | Spider:5 | XOM: summons 3 hostile demons
 36554 | Spider:5 | XOM: chaos cloud
 36598 | Spider:5 | XOM: noise
 36604 | Spider:5 | XOM: torment (89/146 hp)
 36698 | Spider:5 | XOM: medium Summ miscast
 36703 | Spider:5 | Gained mutation: You are partially covered in large bone plates (AC +2, SH +2). [mutagenic meat]
 36704 | Spider:5 | Lost mutation: Your spells are harder to cast, but more powerful. [mutagenic meat]
 36786 | Spider:5 | XOM: enchant monster (good)
 36835 | Spider:5 | XOM: 1-stop teleportation journey
 36837 | Spider:5 | Gained mutation: You are partially covered in rough black scales (AC +4, Dex -1). [mutagenic meat]
 36839 | Spider:5 | Gained mutation: You tend to lose your temper in combat. [mutagenic meat]
 37008 | Spider:5 | XOM: confuse monster(s)
 37061 | Spider:5 | Got a gossamer rune of Zot
 37077 | Spider:5 | XOM: silly message
 37402 | Shoals:1 | Entered Level 1 of the Shoals
 37466 | Shoals:1 | Noticed Donald
 37475 | Shoals:1 | XOM: summons friendly white imp
 37506 | Lair:4   | Killed Donald
 37608 | Shoals:1 | XOM: god gift: wand of lightning {god gift}
 37668 | Shoals:1 | XOM: enchant monster (good)
 37698 | Shoals:1 | Reached XP level 17. HP: 148/152 MP: 22/22
 37734 | Shoals:1 | XOM: colour smoke trail
 37987 | Shoals:1 | Reached skill level 15 in Dodging
 38280 | Shoals:2 | XOM: summons friendly white imp
 38284 | Shoals:2 | XOM: cast spell 'Conjure Ball Lightning'
 38530 | Shoals:2 | XOM: summons friendly quasit
 38533 | Shoals:2 | XOM: divine lightning (protected)
 38540 | Shoals:2 | XOM: potion effect (brilliance)
 38543 | Shoals:2 | XOM: polymorph merfolk javelineer -> fire dragon
 38596 | Shoals:2 | XOM: cast spell 'Summon Butterflies'
 38930 | Shoals:2 | XOM: god gift: 770 gold pieces
 39015 | Shoals:2 | XOM: enchant monster (good)
 39276 | Shoals:3 | Noticed Polyphemus
 39323 | Shoals:3 | XOM: smoke on damage
 39324 | Shoals:3 | XOM: fake destruction
 39336 | Shoals:2 | XOM: enchant monster (bad)
 39349 | Shoals:2 | XOM: chaos cloud
 39350 | Shoals:2 | Paralysed by you for 2 turns
 39563 | Shoals:3 | XOM: 2-stop teleportation journey
 39569 | Shoals:3 | XOM: stat loss: -1 Str (18/21)
 39579 | Shoals:3 | XOM: medium Conj miscast
 39618 | Shoals:3 | XOM: confuse monster(s)
 39656 | Shoals:3 | XOM: mild Ice miscast
 39746 | Shoals:3 | XOM: smoke on damage
 39818 | Shoals:3 | Killed Polyphemus
 39847 | Shoals:3 | XOM: mild Hex miscast
 39855 | Shoals:3 | XOM: divination: detect items
 39865 | Shoals:2 | HP: 5/152 [merfolk aquamancer/great wave of water (31)]
 40266 | Shoals:1 | XOM: enchant monster (good)
 40480 | Shoals:3 | XOM: blink monster(s)
 40598 | Shoals:3 | XOM: blink monster(s)
 40663 | Shoals:3 | XOM: enchant monster (bad)
 40663 | Shoals:3 | Mangled by a kraken

Action                   |  1- 3 |  4- 6 |  7- 9 | 10-12 | 13-15 | 16-18 || total
-------------------------+-------+-------+-------+-------+-------+-------++-------
Melee: Falchion          |   106 |    89 |   264 |       |       |       ||   459
       Long sword        |       |       |    84 |   595 |   313 |       ||   992
       Triple sword      |       |       |       |       |   705 |       ||   705
       Great sword       |       |       |       |       |   808 |   793 ||  1601
       Hand axe          |       |       |       |       |    24 |       ||    24
       Flail             |       |       |       |       |    23 |       ||    23
       Unarmed           |       |       |       |       |     2 |       ||     2
 Fire: Blowgun           |       |       |       |     5 |    11 |    60 ||    76
Throw: Throwing net      |       |       |       |     1 |       |       ||     1
 Abil: Blink             |       |       |       |       |     1 |       ||     1
Evoke: Wand              |       |       |     2 |     9 |     5 |    10 ||    26
       Lamp of fire      |       |       |       |     1 |     1 |     2 ||     4
  Use: Scroll            |       |       |    17 |    23 |    20 |     7 ||    67
       Potion            |       |       |     2 |    11 |     9 |     3 ||    25
 Stab: Confused          |       |       |     3 |     5 |     2 |     2 ||    12
       Paralysed         |       |       |     1 |       |       |     3 ||     4
       Invisible         |       |       |       |     5 |       |       ||     5
       Petrified         |       |       |       |       |     2 |     1 ||     3
       Fleeing           |       |       |       |       |     1 |       ||     1
       Sleeping          |       |       |       |       |     1 |       ||     1
       Distracted        |       |       |       |       |       |     1 ||     1
  Eat: Chunk             |       |     6 |    14 |    28 |    59 |    23 ||   130
       Beef jerky        |       |       |       |     3 |       |       ||     3
       Fruit             |       |       |       |     2 |       |       ||     2
       Pizza             |       |       |       |     1 |       |       ||     1
       Royal jelly       |       |       |       |       |       |     1 ||     1
       Meat ration       |       |       |       |       |       |     1 ||     1
